 Dungeon Crawl Stone Soup version 0.29.1-15-g9cfb28693d (webtiles) character file.

Game seed: 5466873733720692046

40271 safid the Gelid (level 14, -2/113 HPs)
             Began as a Merfolk Ice Elementalist on May 2, 2023.
             Was a High Priest of Vehumet.
             Slain by an orc warrior
             ... wielding a +0 flail
             ... led by an orc warlord
              (22 damage)
             ... on level 1 of the Orcish Mines on May 3, 2023.
             The game lasted 00:50:51 (15975 turns).

safid the Gelid (Merfolk Ice Elementalist)         Turns: 15975, Time: 00:50:53

Health: -2/113     AC: 24    Str: 10    XL:     14   Next: 10%
Magic:  36/37      EV: 13    Int: 18    God:    Vehumet [*****.]
Gold:   1142       SH:  0    Dex: 14    Spells: 18/34 levels left

rFire   . . .      SeeInvis +   u - +1 demon trident (venom)
rCold   . . .      Faith    .   (no shield)
rNeg    + . .      Spirit   .   B - +2 robe "Kiwn" {Rampage rElec rN+ SInv}
rPois   +          Reflect  .   J - +2 hat
rElec   +          Harm     .   s - +1 cloak
rCorr   .          Rampage  +   I - +1 pair of gloves of Shielding {Will+}
Will    ++...                   a - +2 pair of boots {Stlth+}
Stlth   +++.......              k - amulet of regeneration
HPRegen 1.08/turn               h - ring of magical power
MPRegen 0.25/turn               x - ring of poison resistance

@: brilliant, ice-armoured, freezing walls, unable to read
A: (nimble swimmer 2), mertail, inability to read after injury 1
a: Renounce Religion


You were on level 1 of the Orcish Mines.
You worshipped Vehumet.
Vehumet was extremely pleased with you.
You visited 4 branches of the dungeon, and saw 17 of its levels.
You also visited: Sewer.

You collected 2041 gold pieces.
You spent 899 gold pieces at shops.

Inventory:

Hand Weapons
 u - a +1 demon trident of venom (weapon)
Armour
 a - a +2 pair of boots of stealth (worn)
 p - a scarf of resistance
 s - a +1 cloak (worn)
 y - the +1 robe of Puon {rPois rF+++ Dex-5 Slay-5}
   (You found it on level 10 of the Dungeon)

   Dex:       It affects your dexterity (-5).
   Slay:      It affects your accuracy & damage with ranged weapons and melee
   (-5).
   rF:        It renders you almost immune to fire.
   rPois:     It protects you from poison.
 B - the +2 robe "Kiwn" (worn) {Rampage rElec rN+ SInv}
   (You found it on level 5 of the Dungeon)

   rElec:     It insulates you from electricity.
   rN:        It protects you from negative energy.
   SInv:      It lets you see invisible.
   Rampage:   It bestows one free step when moving towards enemies.
 I - the +1 pair of gloves of Shielding (worn) {Will+}
   (You bought it in a shop on level 7 of the Dungeon)

   Will:      It increases your willpower.
 J - a +2 hat (worn)
Jewellery
 h - a ring of magical power (left hand)
 k - an amulet of regeneration (around neck)
 x - a ring of poison resistance (right hand)
 K - a ring of flight
 T - a ring of protection from cold
Wands
 j - a wand of roots (11)
 l - a wand of polymorph (14)
 m - a wand of flame (36)
 M - a wand of digging (2)
 O - a wand of paralysis (11)
Scrolls
 e - 3 scrolls of magic mapping
 f - 7 scrolls of teleportation
 n - 5 scrolls of amnesia
 r - 3 scrolls of brand weapon
 A - a scroll of silence {unknown}
 C - 3 scrolls of blinking
 H - a scroll of fear
 L - 2 scrolls of butterflies
 R - a scroll of enchant weapon {unknown}
Potions
 b - a potion of magic
 c - 7 potions of curing
 d - a potion of cancellation {unknown}
 g - 3 potions of berserk rage
 o - 10 potions of might
 q - 6 potions of haste
 t - 3 potions of brilliance
 v - a potion of heal wounds
 z - a potion of lignification {unknown}
 D - a potion of resistance
 E - a potion of invisibility {unknown}
 Q - 4 potions of ambrosia
Miscellaneous
 G - a phial of floods
 N - a lightning rod (4/4)
 S - a phantom mirror


   Skills:
 + Level 11.2 Fighting
 + Level 4.0 Dodging
 - Level 2.1 Stealth
 + Level 10.9 Spellcasting
 - Level 4.0 Conjurations
 + Level 12.0 Transmutations
 + Level 16.7 Ice Magic
 + Level 2.2 Evocations


You had 18 spell levels left.
You knew the following spells:

 Your Spells              Type           Power      Damage    Failure   Level
a - Freeze                Ice            100%       1d11      0%          1
b - Frozen Ramparts       Ice            100%       1d16      0%          3
c - Ozocubu's Armour      Ice            81%        N/A       1%          3
d - Irradiate             Conj/Tmut      27%        3d20      2%          5
e - Hailstorm             Conj/Ice       63%        3d13      1%          4

Your spell library contained the following spells:

 Spells                   Type           Power      Damage    Failure   Level
 Conjure Ball Lightning   Conj/Air       12%        3x3d6     71%         6
 Beastly Appendage        Tmut           100%       N/A       1%          1
 Static Discharge         Conj/Air       25%        3-7/arc   1%          2
 Wereblood                Tmut           68%        N/A       1%          2
 Ignite Poison            Fire/Tmut/Pois 36%        N/A       1%          3
 Spider Form              Tmut/Pois      47%        N/A       1%          3
 Conjure Flame            Conj/Fire      25%        6-21      2%          3
 Summon Small Mammal      Summ           56%        N/A       8%          1
 Fulminant Prism          Conj/Hex       12%        3d9       9%          4
 Sticky Flame             Conj/Fire      25%        2d5       9%          4
 Call Canine Familiar     Summ           14%        N/A       22%         3
 Summon Guardian Golem    Hex/Summ       14%        N/A       22%         3
 Animate Armour           Summ/Erth      28%        N/A       58%         4
 Animate Dead             Necr           14%        N/A       58%         4
 Haunt                    Necr/Summ      7%         N/A       100%        7
 Infestation              Necr           7%         N/A       100%        8
 Chain Lightning          Conj/Air       12%        3d16      100%        9
 Fire Storm               Conj/Fire      12%        8d3       100%        9
 Shatter                  Erth           7%         3d9*      100%        9


Dungeon Overview and Level Annotations

Branches:
Dungeon (10/15)            Temple (1/1) D:4            Lair (5/5) D:10
 Shoals (0/4) Lair:2        Snake (0/4) Lair:3          Orc (1/2) D:10
  Sewer (visited)
  Slime: Lair:4-5

Altars:
Ashenzari
Cheibriados
Dithmenos
Elyvilon
Fedhas
Gozag
Hepliaklqana
Kikubaaqudgha
Makhleb
Nemelex Xobeh
Okawaru
Qazlal
Ru
Sif Muna
Uskayaw
Vehumet
Wu Jian
Xom
Yredelemnul
Zin

Shops:
D:7 (?([   D:10 *

Annotations:
D:6 1 runed translucent door, Crazy Yiuf
D:7 2 transporters
D:9 1 transporter, adizb's ghost, novice HuIE
Temple 2 transporters
Lair:4 3 runed translucent doors, Taurus's ghost, journeyman MiFi
Lair:5 Rupert


Innate Abilities, Weirdness & Mutations

((You are very nimble when in or above water. (Stealth+, EV+, Speed+++)))
Your lower body shifts to a powerful aquatic tail in water.
You occasionally lose the ability to read scrolls when taking damage.


Message History

The orc warlord freezes you.
Unknown command.
Casting: Ozocubu's Armour (safe; 1% risk of failure)
Confirm with . or Enter, or press ? or * to list all spells.
Aiming: Freeze (safe; 0% risk of failure)
Press: ? - help, Shift-Dir - straight line, f/p - orc warrior
Aim: an orc warrior, wielding a +0 arbalest and wearing a +0 chain mail (heavily wounded, strong)
You feel a surge of power!
You freeze the orc warrior!
The orc warrior is severely wounded.
The wall freezes the orc warlord.
The orc warlord hits you from afar with a +3 bardiche of freezing!!
The orc warlord freezes you.
The orc warrior unwields a +0 arbalest.
The orc warrior wields a +0 flail.
The orc warrior barely misses you.
Casting: Freeze (safe; 0% risk of failure)
Confirm with . or Enter, or press ? or * to list all spells.
Aiming: Freeze (safe; 0% risk of failure)
Press: ? - help, Shift-Dir - straight line, f/p - orc warrior
Aim: an orc warrior, wielding a +0 flail and wearing a +0 chain mail (severely wounded, strong)
You feel a surge of power!
You freeze the orc warrior.
The orc warrior is almost dead.
The wall freezes the orc but does no damage.
The wall freezes the orc warlord but does no damage.
The orc warlord hits you from afar with a +3 bardiche of freezing!!
You feel threatened and lose the ability to read scrolls!
* * * LOW HITPOINT WARNING * * *
The orc warlord freezes you!
* * * LOW HITPOINT WARNING * * *
The orc warrior hits you but does no damage.
Welcome back, safid the Merfolk Ice Elementalist.
Vehumet says: Let it end in hellfire!
Press ? for a list of commands and other information.
Unknown command.
You cannot read scrolls in your current state!
You feel much better.
The wall freezes the orc!
You kill the orc!
Vehumet accepts your kill.
You feel your power returning.
The wall freezes the orc warlord.
The orc warlord hits you but does no damage.
The orc warrior hits you with a +0 flail!!
You die...

... #.#...#...........##
.... ##....##.......####
....###......####....##
.....#.......#.#......####
#.....#..............#.
#....)##.#...#.#.#.....
##...o####..#######....
##....o.##.....###......
#.^...o@.#............##
.....#.................###
.>...##.......#.......##.#
.... ##.....##.......#...
#... ##...##........#..#
### ##.##.....###..).#
##.....####......
###.....#...)).#
#...........##


You could see an orc warlord, an orc warrior (strong) and an orc (strong).

Vanquished Creatures
  Erolcha (D:10)
  5 hydras
  A two-headed ogre (D:10)
  A death yak (Lair:3)
  Urug (Lair:5)
  Nergalle (D:10)
  8 elephants
  3 merfolk sirens (Lair:2)
  A guardian serpent (Lair:3)
  6 black mambas
  3 torpor snails
  19 cane toads
  5 komodo dragons
  Psyche (D:9)
  2 rime drakes
  4 trolls
  A merfolk (Lair:2)
  A queen bee (Lair:4)
  3 meliai (Lair:4)
  4 polar bears
  A hornet (D:8)
  A dream sheep (Lair:2)
  12 blink frogs
  A shadow (D:10)
  Eustachio (D:6)
  17 yaks
  4 fire bats (Lair:4)
  A wraith (D:9)
  7 wyverns
  4 basilisks
  A fire elemental (Lair:4)
  Menkaure (D:6)
  18 water moccasins
  A warg (D:10)
  6 orc warriors
  A sky beast (D:7)
  2 ice beasts
  3 ogres
  31 wolves
  A phantom (D:6)
  5 centaurs
  3 kobold brigands
  Blork the orc (D:4)
  7 bullfrogs
  2 necrophages
  A cane toad simulacrum (Lair:5)
  A gnoll sergeant (D:9)
  2 scorpions
  5 wights (D:8)
  16 killer bees
  An electric eel (D:10)
  9 hounds
  7 orc priests
  4 jellies
  2 iguanas (D:5)
  5 orc wizards
  6 hell rats (Lair:3)
  6 gnolls
  10 adders
  A river rat (Sewer)
  2 worms
  2 dart slugs
  25 orcs
  7 endoplasms
  6 giant cockroaches
  7 goblins
  8 hobgoblins
  3 jackals (D:4)
  4 quokkas
  12 ball pythons
  4 bats
  8 frilled lizards
  19 kobolds
  9 rats
395 creatures vanquished.

Vanquished Creatures (others)
  31 fungi
  45 plants
  12 withered plants (Lair:5)
88 creatures vanquished.

Grand Total: 483 creatures vanquished

Notes
Turn   | Place    | Note
-------+----------+-------------------------------------------
     0 | D:1      | safid the Merfolk Ice Elementalist began the quest for the
                  | Orb.
     0 | D:1      | Reached XP level 1. HP: 13/13 MP: 3/3
   278 | D:1      | Reached XP level 2. HP: 18/20 MP: 0/5
   378 | D:1      | Reached skill level 1 in Fighting
  1212 | D:2      | Reached XP level 3. HP: 23/26 MP: 6/6
  1281 | D:2      | Learned a level 3 spell: Frozen Ramparts
  1903 | D:2      | Found a faded altar of an unknown god.
  2291 | D:3      | Learned a level 3 spell: Ozocubu's Armour
  2464 | D:3      | Reached skill level 5 in Ice Magic
  2464 | D:3      | Reached XP level 4. HP: 33/33 MP: 8/8
  3085 | D:4      | Reached XP level 5. HP: 7/39 MP: 9/9
  3414 | D:4      | Noticed an ogre
  3420 | D:4      | Noticed Blork the orc
  3428 | D:4      | Killed Blork the orc
  3558 | D:4      | Found a staircase to the Ecumenical Temple.
  3611 | Temple   | Entered the Ecumenical Temple
  3611 | Temple   | Found a transporter.
  3611 | Temple   | Found a transporter.
  3613 | Temple   | Found a transporter.
  3613 | Temple   | Found a transporter.
  3624 | Temple   | Became a worshipper of Vehumet
  3672 | D:4      | Found a broken altar of Ashenzari.
  3674 | D:4      | Found a blossoming altar of Fedhas.
  3880 | D:4      | Reached XP level 6. HP: 47/47 MP: 11/11
  4151 | D:5      | Entered Level 5 of the Dungeon
  4166 | D:5      | Reached skill level 6 in Ice Magic
  4212 | D:5      | Found a basalt altar of Yredelemnul.
  4212 | D:5      | Found a sparkling altar of Nemelex Xobeh.
  4213 | D:5      | Found a burning altar of Makhleb.
  4247 | D:5      | Reached XP level 7. HP: 51/54 MP: 13/13
  4267 | D:5      | Identified the +2 robe "Kiwn" {Rampage rElec rN+ SInv}
  4400 | D:5      | Found a glowing drain.
  4404 | Sewer    | Entered a sewer
  4448 | Sewer    | Reached * piety under Vehumet
  4448 | Sewer    | Offered knowledge of Magic Dart by Vehumet.
  4563 | Sewer    | Found a viscous altar of Jiyva.
  4956 | D:5      | Identified 2 scrolls of acquirement
  4960 | D:5      | Acquired 642 gold pieces
  4962 | D:5      | Acquired the Folio of Formation and Conflict
  4970 | D:5      | Learned a level 5 spell: Irradiate
  5027 | D:6      | Reached skill level 5 in Fighting
  5084 | D:6      | Noticed Menkaure
  5344 | D:6      | Reached skill level 1 in Transmutations
  5346 | D:6      | Reached XP level 8. HP: 31/62 MP: 15/15
  5348 | D:6      | Reached skill level 7 in Ice Magic
  5568 | D:6      | Reached ** piety under Vehumet
  5568 | D:6      | Offered knowledge of Sandblast by Vehumet.
  5665 | D:6      | Found a runed translucent door.
  5666 | D:6      | Noticed Crazy Yiuf
  5689 | D:6      | Reached skill level 1 in Conjurations
  5745 | D:6      | Noticed Eustachio
  5785 | D:6      | Killed Eustachio
  5786 | D:6      | Reached skill level 5 in Spellcasting
  5940 | D:6      | Killed Menkaure
  6296 | D:7      | Reached XP level 9. HP: 66/69 MP: 17/17
  6555 | D:7      | Found Soraruno's Antique Armour Shoppe.
  6557 | D:7      | Found Udaptur's Magic Scroll Shoppe.
  6557 | D:7      | Found Zurchine's Weapon Shoppe.
  6562 | D:7      | Found Meher's Weapon Shoppe.
  6567 | D:7      | Bought a scroll of blinking for 97 gold pieces
  6651 | D:7      | Found a transporter.
  6655 | D:7      | Noticed a troll
  6658 | D:7      | Found a transporter.
  6972 | D:7      | Bought a pair of dazzling gloves for 266 gold pieces
  6972 | D:7      | Identified the +1 pair of gloves of Shielding {Will+} (You
                  | bought it in a shop on level 7 of the Dungeon)
  6978 | D:7      | Bought a pair of glowing boots for 210 gold pieces
  6990 | D:7      | Bought a scroll of identify for 26 gold pieces
  6990 | D:7      | Bought a scroll of identify for 26 gold pieces
  6990 | D:7      | Bought a scroll of identify for 26 gold pieces
  6990 | D:7      | Bought a scroll of noise for 13 gold pieces
  6990 | D:7      | Bought a scroll of teleportation for 39 gold pieces
  6993 | D:7      | Bought an embroidered hat for 196 gold pieces
  7056 | D:8      | Reached skill level 8 in Ice Magic
  7309 | D:8      | Reached skill level 5 in Transmutations
  7446 | D:8      | Offered knowledge of Mephitic Cloud by Vehumet.
  7579 | D:8      | Noticed a hornet
  7584 | D:8      | Killed a hornet
  7914 | D:9      | Noticed a manticore
  7916 | D:9      | Noticed a skeletal warrior
  7926 | D:9      | Noticed a freezing wraith
  7926 | D:9      | Noticed a two-headed ogre
  7926 | D:9      | Noticed a centaur warrior
  7926 | D:9      | Noticed a manticore
  7926 | D:9      | Noticed a manticore
  7927 | D:9      | Noticed a cyclops
  7927 | D:9      | Noticed a four-headed hydra
  7936 | D:9      | Noticed a centaur warrior
  7946 | D:9      | Noticed a boulder beetle
  7967 | D:9      | Acquired 548 gold pieces
  8108 | D:9      | Noticed Psyche
  8154 | D:9      | Noticed a troll
  8160 | D:9      | Killed a troll
  8160 | D:9      | Reached *** piety under Vehumet
  8161 | D:9      | Reached XP level 10. HP: 67/79 MP: 19/19
  8215 | D:9      | Found a transporter.
  8215 | D:9      | Noticed adizb's ghost (novice HuIE)
  8217 | D:9      | Noticed a two-headed ogre
  8218 | D:9      | Noticed a two-headed ogre
  8218 | D:9      | Identified the +2 dire flail "Pyulall" {venom, *Corrode
                  | Dex+6}
  8218 | D:9      | Noticed a two-headed ogre
  8218 | D:9      | Noticed a two-headed ogre
  8493 | D:10     | Entered Level 10 of the Dungeon
  8563 | D:10     | Identified the +1 robe of Puon {rPois rF+++ Dex-5 Slay-5}
  8572 | D:10     | Found Hiuf's Demolitions Depot.
  8638 | D:10     | Noticed Erolcha
  8667 | D:10     | Killed Erolcha
  8668 | D:10     | Reached skill level 9 in Ice Magic
  8715 | D:10     | Noticed a two-headed ogre
  8728 | D:10     | Killed a two-headed ogre
  8816 | D:10     | Found a staircase to the Orcish Mines.
  8818 | D:10     | Noticed Nergalle
  8854 | D:10     | Killed Nergalle
  8856 | D:10     | Offered knowledge of Airstrike by Vehumet.
  8971 | D:10     | Reached skill level 10 in Ice Magic
  9196 | D:10     | Reached XP level 11. HP: 86/87 MP: 22/22
  9299 | D:10     | Found a staircase to the Lair.
  9413 | D:10     | Reached **** piety under Vehumet
  9611 | D:9      | Killed Psyche
  9873 | D:9      | Reached skill level 11 in Ice Magic
 10285 | D:10     | Offered knowledge of Lee's Rapid Deconstruction by Vehumet.
 10624 | Lair:1   | Entered Level 1 of the Lair of Beasts
 10793 | Lair:1   | Noticed a five-headed hydra
 10825 | Lair:1   | Killed a five-headed hydra
 10826 | Lair:1   | Reached skill level 10 in Fighting
 10826 | Lair:1   | Reached skill level 12 in Ice Magic
 10966 | Lair:1   | Noticed a five-headed hydra
 11131 | Lair:1   | Killed a five-headed hydra
 11341 | Lair:2   | Noticed a six-headed hydra
 11350 | Lair:2   | Killed a six-headed hydra
 11351 | Lair:2   | Reached XP level 12. HP: 88/97 MP: 21/25
 11440 | Lair:2   | Reached skill level 10 in Spellcasting
 11522 | Lair:2   | Noticed a six-headed hydra
 11535 | Lair:2   | Killed a six-headed hydra
 11833 | Lair:2   | Reached skill level 10 in Transmutations
 11841 | Lair:2   | Reached skill level 13 in Ice Magic
 12120 | Lair:2   | Found a staircase to the Shoals.
 12318 | Lair:2   | Reached ***** piety under Vehumet
 12647 | Lair:3   | Found a staircase to the Snake Pit.
 12699 | Lair:3   | Offered knowledge of Spellforged Servitor by Vehumet.
 12865 | Lair:3   | Reached skill level 14 in Ice Magic
 12870 | Lair:3   | Reached XP level 13. HP: 48/103 MP: 27/27
 13177 | Lair:3   | Reached skill level 15 in Ice Magic
 13413 | Lair:3   | You fall into a shaft and drop 2 floors!
 13413 | Lair:5   | Entered Level 5 of the Lair of Beasts
 13497 | Lair:5   | Reached skill level 16 in Ice Magic
 13539 | Lair:5   | Noticed Rupert
 13602 | Lair:4   | Found a runed translucent gate.
 13602 | Lair:4   | Found a runed translucent gate.
 13602 | Lair:4   | Found a runed translucent gate.
 13618 | Lair:4   | Noticed Taurus's ghost (journeyman MiFi)
 13641 | Lair:4   | Gained mutation: You occasionally lose the ability to read
                  | scrolls when taking damage. [mutagenic glow]
 14501 | Lair:4   | Noticed a minotaur
 14585 | Lair:4   | Learned a level 4 spell: Hailstorm
 15255 | Lair:4   | Reached skill level 1 in Evocations
 15433 | Lair:5   | Reached XP level 14. HP: 113/113 MP: 28/28
 15476 | Lair:5   | Noticed a dire elephant
 15480 | Lair:5   | Noticed a dire elephant
 15598 | Lair:5   | Noticed Urug
 15608 | Lair:5   | Killed Urug
 15771 | Orc:1    | Entered Level 1 of the Orcish Mines
 15838 | Orc:1    | Noticed Snorg
 15843 | Orc:1    | Offered knowledge of Conjure Ball Lightning by Vehumet.
 15867 | Orc:1    | Noticed an orc warlord
 15974 | Orc:1    | HP: 4/113 [orc warlord/+3 bardiche of freezing (12)]
 15975 | Orc:1    | Slain by an orc warrior

Illustrated notes

Levels and vault maps discovered:
D:1:      dpeg_arrival_oval, layout_basic
D:2:      layout_basic, shapermc_ecumenical_altar_hornbeckon
D:3:      minmay_recursive_quarters, layout_rooms, st_stairs_9
D:4:      layout_gridville, nicolae_overflow_hidden_temple,
          minmay_temple_entry_antechambers, serial_rivers,
          chequers_serial_rivers_micro_e, chequers_serial_rivers_micro_c,
          chequers_serial_rivers_small_3, chequers_serial_rivers_micro_b,
          minmay_misc_feat_plants, uniq_blork_the_orc
D:5:      layout_rooms, gammafunk_temple_overflow_claw, gup_sewer_entry_bowl
D:6:      layout_gridville, uniq_menkaure, uniq_eustachio,
          uniq_crazy_yiuf_cottage
D:7:      gammafunk_beogh_shrine, layout_loops_ring, minmay_shop_grid_forest,
          nrook_loot_triangle
D:8:      layout_loops_ring
D:9:      layout_loops_corners, gammafunk_ghost_smash, minivault_12, uniq_psyche
D:10:     layout_irregular_city, erik_lair_island, david_orc_3, abandoned_shop,
          nicolae_blasting_shop, uniq_erolcha, uniq_nergalle
Temple:   hellmonk_temple_divided_pantheon
Lair:1:   layout_cave_shapes
Lair:2:   layout_chaotic_city, elwin_shoals_entry_stream,
          nicolae_lair_grove_arrangements, st_stairs_8, minmay_shattered_shrine
Lair:3:   wander_river, layout_long_grid, minmay_snake_entry_spellcaster,
          grunt_forest_small_clearing_treed
Lair:4:   layout_gridlike, special_room [special_room_bee],
          maelrawn_ghost_gauntlet_escape
Lair:5:   due_jungle_book, layout_long_grid, dpeg_slime_entry_corner, uniq_urug,
          uniq_rupert
Orc:1:    layout_diamond_mine, uniq_erica, uniq_snorg

Skill      XL: |  1  2  3  4  5  6  7  8  9 10 11 12 13 14 |
---------------+-------------------------------------------+-----
Fighting       | 1 2 3 4 5 6 7 8 10 11 | 11.2
Ice Magic      | 5 6 7 8 10 12 14 16 | 16.7
Spellcasting   | 3 4 5 6 7 9 10 | 10.9
Dodging        | 3 4 |  4.0
Transmutations | 1 3 6 8 12 | 12.0
Conjurations   | 2 3 4 |  4.0
Evocations     | 1 2 |  2.2
Stealth        | |  2.1

Action                   |  1- 3 |  4- 6 |  7- 9 | 10-12 | 13-15 || total
-------------------------+-------+-------+-------+-------+-------++-------
Melee: Long sword        |     4 |       |       |       |       ||     4
       Dagger            |    25 |    40 |   160 |   138 |    98 ||   461
       Tailslap          |       |       |     1 |       |       ||     1
       Punch             |       |       |       |     1 |     3 ||     4
       Demon trident     |       |       |       |       |    11 ||    11
 Cast: Freeze            |    43 |    23 |    35 |   145 |    81 ||   327
       Frozen Ramparts   |       |    11 |    35 |    52 |    38 ||   136
       Ozocubu's Armour  |       |     7 |    27 |    38 |    27 ||    99
       Irradiate         |       |       |       |    14 |    18 ||    32
  Use: Scroll            |       |       |    14 |     7 |     5 ||    26
       Potion            |       |       |       |     3 |     6 ||     9
 Stab: Sleeping          |       |     2 |     7 |     3 |     1 ||    13
       Distracted        |       |       |       |     1 |       ||     1
Armor: Robe              |    20 |    20 |    79 |   173 |   149 ||   441
Dodge: Dodged            |    40 |    37 |   149 |   238 |   211 ||   675
